 Dungeon Crawl Stone Soup version 0.17-a0-744-gaa96792 (webtiles) character file.

6773 oplop the Dealer of Despair (level 10, 0/81 HPs)
             Began as a Deep Dwarf Necromancer on Apr 21, 2015.
             Was an Elder of Kikubaaqudgha.
             Killed from afar by an electric eel (9 damage)
             ... with a bolt of electricity
             ... on level 8 of the Dungeon.
             The game lasted 00:52:38 (11176 turns).

oplop the Dealer of Despair (DDNe)                 Turns: 11176, Time: 00:52:38

Health: 0/81       AC: 11    Str: 14    XL:     10   Next: 76%
Magic:  16/18      EV: 12    Int: 16    God:    Kikubaaqudgha [****..]
Gold:   441        SH:  6    Dex: 16    Spells: 6 memorised, 3 levels left

rFire  . . .     SeeInvis .     y - +3 war axe
rCold  + . .     Clarity  .     s - +2 ring mail {rC+}
rNeg   . . .     SustAb   .     t - +0 buckler
rPois  +         Gourm    .     (no helmet)
rElec  .         Spirit   .     l - +2 cloak {MR+}
rCorr  .         Warding  .     (no gloves)
rMut   .         Stasis   .     (no boots)
MR     ++...                    (no amulet)
Stlth  ++........               H - ring of teleport control
                                A - ring of wizardry

@: non-regenerating, very resistant to hostile enchantments, unstealthy
A: damage resistance, recharge devices, thin skeletal structure 1, blurry vision
1, breathe flames 1, frail 1, sense surroundings 2, poison resistance, slow
healing 3
a: Device Recharging, Receive Corpses, Renounce Religion, Breathe Fire, Evoke
Teleport Control


You were on level 8 of the Dungeon.
You worshipped Kikubaaqudgha.
Kikubaaqudgha was greatly pleased with you.
You were not hungry.

You visited 1 branch of the dungeon, and saw 9 of its levels.

You collected 511 gold pieces.
You spent 70 gold pieces at shops.

Inventory:

Hand weapons
 m - a +0 mace of draining
 r - a +3 dagger of holy wrath
 x - a +1 whip of freezing
 y - a +3 war axe (weapon)
Armour
 i - a +3 leather armour
 l - a +2 cloak of magic resistance (worn)
 q - a +0 shield
 s - a +2 ring mail of cold resistance (worn)
 t - a +0 buckler (worn)
 w - the +1 robe of Inquiry {MP+9 Str+4 Dex-2 SInv}
   (You found it on level 6 of the Dungeon)

   It affects your strength (+4).
   It affects your dexterity (-2).
   It affects your magic capacity (+9).
   It enhances your eyesight.
Jewellery
 A - a ring of wizardry (left hand)
 H - a ring of teleport control (right hand)
Magical devices
 c - a wand of heal wounds (4)
 e - a wand of polymorph (18)
 u - a wand of teleportation (2)
 E - a wand of frost (27)
 G - a wand of slowing (22)
Scrolls
 a - a scroll of magic mapping
 b - 2 scrolls of amnesia
 h - 9 scrolls of identify
 k - a scroll of teleportation
 o - 7 scrolls of remove curse
 C - a scroll of immolation
Potions
 j - a potion of beneficial mutation {unknown}
 n - a potion of cancellation
 v - a potion of cure mutation {unknown}
 B - a potion of haste {unknown}
 D - a potion of ambrosia {unknown}
 I - a potion of heal wounds {unknown}
Books
 f - a Grand Grimoire {highlevel, unknown}

   This book is beyond your current level of understanding.

   Spells                             Type                      Level
   a - Aura of Abjuration             Summoning                    6
   b - Summon Greater Demon           Summoning                    7
   c - Malign Gateway                 Summoning/Translocation      7
   d - Summon Horrible Things         Summoning                    8
 g - Kikubaaqudgha's Guide on Black Rites
   (Kikubaaqudgha gifted it to you on level 5 of the Dungeon)

   Spells                             Type                      Level
   a - Pain                           Necromancy                   1
   b - Corpse Rot                     Necromancy                   2
   c - Sublimation of Blood           Necromancy                   2
   d - Vampiric Draining              Necromancy                   3
   e - Control Undead                 Necromancy                   4
 p - a book of Power

   Spells                             Type                      Level
   a - Fulminant Prism                Conjuration/Hexes            4
   b - Iskenderun's Mystic Blast      Conjuration                  4
   c - Venom Bolt                     Conjuration/Poison           5
   d - Bolt of Magma                  Conjuration/Fire/Earth       5
   e - Iron Shot                      Conjuration/Earth            6
   f - Orb of Destruction             Conjuration                  7
   g - Spellforged Servitor           Conjuration/Summoning        7
 z - Kikubaaqudgha's Collected Works on Stolen Souls
   (Kikubaaqudgha gifted it to you on level 8 of the Dungeon)

   Spells                             Type                      Level
   a - Animate Dead                   Necromancy                   4
   b - Bolt of Draining               Conjuration/Necromancy       5
   c - Agony                          Necromancy                   5
   d - Cigotuvi's Embrace             Necromancy                   5
   e - Dispel Undead                  Necromancy                   5
Comestibles
 d - 6 bread rations


   Skills:
 + Level 5.9 Fighting
 * Level 6.7 Axes
 - Level 6.6 Armour
 - Level 3.9 Dodging
 - Level 2.4 Stealth
 + Level 5.5 Shields
 + Level 6.4 Spellcasting
 + Level 9.6 Necromancy


You had 3 spell levels left.
You knew the following spells:

 Your Spells              Type           Power        Failure   Level  Hunger
a - Pain                  Necr           ####         1%          1    None
b - Animate Skeleton      Necr           N/A          1%          1    None
c - Vampiric Draining     Necr           #####.....   1%          3    ##.....
d - Animate Dead          Necr           N/A          2%          4    ####...
e - Control Undead        Necr           #####.....   2%          4    ####...
g - Dispel Undead         Necr           #####...     6%          5    #####..


Dungeon Overview and Level Annotations

Branches:
Dungeon (9/15)             Temple (0/1) D:7            Lair (0/8) D:8
    Orc: D:9-12

Altars:
Ashenzari
Elyvilon
Gozag
Kikubaaqudgha
Makhleb
Okawaru
Ru
Sif Muna
Vehumet
Yredelemnul

Shops:
D:7 (   D:9 (

Annotations:
D:8 Gastronok


Innate Abilities, Weirdness & Mutations

You are resistant to damage.
You can recharge devices by infusing magical energy.
You passively map the area around you.
You do not heal naturally.
You have a somewhat thin skeletal structure (Dex +2, Stealth).
Scrolls take you a little longer to read.
You can breathe flames.
You are frail (-10% HP).
Your system is resistant to poisons.


Message History

Done exploring.
Done exploring.
Done exploring.
Done exploring.
Done exploring.
Done exploring.
An electric eel is nearby!
The electric eel shoots out a bolt of lightning at you!
The bolt of electricity hits you!
* * * LOW HITPOINT WARNING * * *
Casting: Pain
Confirm with . or Enter, or press ? or * to list all spells.
Aiming: Pain
Press: ? - help, Shift-Dir - straight line, f - electric eel
Aim: an electric eel (water, chance 89%)
The electric eel convulses in agony!
The electric eel shoots out a bolt of lightning at you!
The bolt of electricity hits you!
You die...
Kikubaaqudgha rasps: "You have failed me!
Welcome... death!"

###..........≈≈.≈.≈≈..###...###
#......≈≈≈≈.≈≈≈≈≈.≈....####
#.......≈≈≈≈≈≈≈≈≈≈.....#
#.......≈≈≈≈≈≈≈≈.≈≈≈...#
#.....≈≈;≈.≈.≈.≈≈≈≈≈...#
#......≈≈≈....≈≈≈≈≈≈...#
#.....≈≈≈.≈.>.≈≈≈≈≈≈...#
#....≈..≈≈....≈≈≈≈≈≈...#
#......≈≈≈..@.≈≈≈≈≈≈...#
#......≈≈≈.≈.≈≈≈≈≈≈....#
#.......≈≈≈....≈≈≈.....#
#.......≈≈≈≈.≈≈.≈≈.....#
#......≈≈≈≈≈.≈≈≈..≈....#
####...≈≈≈≈≈.≈≈≈≈....###
#...≈≈≈.≈.≈≈≈.≈≈..#
#....≈≈.≈.≈≈≈.....#
#.....≈...≈≈......#


You could see an electric eel.

Vanquished Creatures
  The ghost of barthelme the Nimble, an experienced TrBe of Trog (D:7)
  Pikel (D:6)
  A troll (D:8)
  A trapdoor spider zombie (D:7)
  Prince Ribbit (D:7)
  Sigmund (D:2)
  A wyvern (D:9)
  Edmund (D:6)
  5 wolves (D:8)
  2 sky beasts (D:9)
  A black bear (D:6)
  4 ogres
  5 orc warriors
  2 phantoms (D:9)
  2 slaves (D:6)
  A necrophage (D:7)
  A centaur (D:5)
  2 big kobolds
  Blork the orc (D:6)
  A wyvern zombie (D:9)
  3 giant frogs
  4 crimson imps
  4 electric eels (D:8)
  2 centaur zombies
  Crazy Yiuf (D:2)
  5 orc priests
  Ijyb (D:2)
  9 hounds
  3 iguanas
  10 orc wizards
  7 worker ants
  2 hound zombies
  2 worker ant zombies
  9 gnolls
  8 adders
  4 shadow imps
  An adder skeleton (D:6)
  2 worms
  8 giant geckos
  45 orcs
  2 ball pythons
  A bat skeleton (D:8)
  A bat zombie (D:3)
  15 goblins
  16 hobgoblins
  9 jackals
  18 kobolds
  2 quokkas
  15 bats
  16 giant cockroaches
  4 giant newts
  12 rats
276 creatures vanquished.

Vanquished Creatures (collateral kills)
  A hippogriff (D:7)
  A sky beast (D:8)
  A giant frog (D:6)
  A giant frog zombie (D:9)
  3 hounds
  3 orc priests
  An orc wizard (D:5)
  A worker ant (D:5)
  A hound skeleton (D:8)
  4 adders
  2 gnolls (D:6)
  An ooze (D:2)
  8 orcs
  A giant cockroach (D:7)
  A giant newt (D:1)
  2 rats (D:6)
32 creatures vanquished.

Vanquished Creatures (others)
  A human (D:3)
  A giant cockroach (D:6)
2 creatures vanquished.

Grand Total: 310 creatures vanquished

Notes
Turn   | Place    | Note
--------------------------------------------------------------
     0 | D:1      | oplop, the Deep Dwarf Necromancer, began the quest for the Orb.
     0 | D:1      | Reached XP level 1. HP: 15/15 MP: 3/3
    10 | D:1      | Learned a level 1 spell: Animate Skeleton
   199 | D:1      | Reached XP level 2. HP: 20/22 MP: 1/4
   649 | D:1      | Reached XP level 3. HP: 22/30 MP: 3/6
   814 | D:1      | Learned a level 3 spell: Vampiric Draining
   996 | D:2      | Noticed Crazy Yiuf
  1033 | D:2      | Killed Crazy Yiuf
  1033 | D:2      | Reached skill level 5 in Necromancy
  1113 | D:2      | Reached XP level 4. HP: 22/37 MP: 7/7
  1137 | D:2      | Reached skill level 1 in Fighting
  1346 | D:2      | Noticed Ijyb
  2001 | D:2      | Killed Ijyb
  2001 | D:2      | Reached XP level 5. HP: 40/44 MP: 0/9
  2110 | D:2      | Your ally Ijyb died
  2263 | D:2      | Noticed Sigmund
  2457 | D:2      | Killed Sigmund
  2457 | D:2      | Reached skill level 6 in Necromancy
  2457 | D:2      | Reached XP level 6. HP: 17/52 MP: 3/11
  3021 | D:3      | Found a sacrificial altar of Ru.
  3047 | D:3      | Found an ancient bone altar of Kikubaaqudgha.
  3047 | D:3      | Noticed a human
  3052 | D:3      | Killed a human
  4261 | D:4      | Learned a level 4 spell: Animate Dead
  4344 | D:4      | Reached XP level 7. HP: 39/61 MP: 0/12
  4578 | D:3      | Became a worshipper of Kikubaaqudgha
  4989 | D:4      | Reached skill level 1 in Armour
  4998 | D:4      | Found a deep blue altar of Sif Muna.
  5191 | D:5      | Entered Level 5 of the Dungeon
  5480 | D:5      | Found a radiant altar of Vehumet.
  5737 | D:5      | Found an opulent altar of Gozag.
  5973 | D:5      | Acquired Kikubaaqudgha's first power
  5973 | D:5      | Received a gift from Kikubaaqudgha
  5974 | D:5      | Identified Kikubaaqudgha's Guide on Black Rites (Kikubaaqudgha gifted it to you on level 5 of the Dungeon)
  5980 | D:5      | Learned a level 4 spell: Control Undead
  6290 | D:5      | Reached XP level 8. HP: 52/72 MP: 2/14
  6688 | D:6      | Reached skill level 7 in Necromancy
  6803 | D:6      | Acquired Kikubaaqudgha's second power
  7058 | D:6      | Noticed Pikel
  7059 | D:6      | Noticed Edmund
  7076 | D:6      | Noticed Blork the orc
  7113 | D:6      | Killed Blork the orc
  7161 | D:6      | Killed Edmund
  7161 | D:6      | Reached skill level 1 in Shields
  7207 | D:6      | Got a heavy robe
  7218 | D:6      | Identified the +1 robe of Inquiry {MP+9 Str+4 Dex-2 SInv} (You found it on level 6 of the Dungeon)
  7270 | D:6      | Killed Pikel
  7270 | D:6      | Reached skill level 5 in Fighting
  7270 | D:6      | Reached skill level 5 in Spellcasting
  7270 | D:6      | Gained mutation: You passively map the area around you. [Deep Dwarf growth]
  7270 | D:6      | Reached XP level 9. HP: 55/81 MP: 3/16
  7366 | D:6      | Found an iron altar of Okawaru.
  7846 | D:6      | Reached skill level 5 in Armour
  7846 | D:6      | Reached skill level 8 in Necromancy
  7850 | D:6      | Learned a level 2 spell: Corpse Rot
  7895 | D:7      | Noticed barthelme's ghost (experienced TrBe)
  8069 | D:7      | Found a white marble altar of Elyvilon.
  8141 | D:7      | Found Pisio's Antique Weapon Emporium.
  8153 | D:7      | Bought a runed war axe for 70 gold pieces
  8316 | D:8      | Reached skill level 1 in Axes
  8448 | D:8      | Received a gift from Kikubaaqudgha
  8451 | D:8      | Identified Kikubaaqudgha's Collected Works on Stolen Souls (Kikubaaqudgha gifted it to you on level 8 of the Dungeon)
  8869 | D:8      | Noticed Gastronok
  8898 | D:7      | Found a burning altar of Makhleb.
  8985 | D:7      | Noticed Prince Ribbit
  8992 | D:7      | Killed Prince Ribbit
  8992 | D:7      | Reached XP level 10. HP: 46/88 MP: 1/17
  9240 | D:7      | Found a basalt altar of Yredelemnul.
  9387 | D:6      | Learned a level 5 spell: Dispel Undead
  9412 | D:7      | Killed barthelme's ghost
  9412 | D:7      | Reached skill level 5 in Axes
  9412 | D:7      | Reached skill level 9 in Necromancy
  9565 | D:7      | Found a staircase to the Ecumenical Temple.
  9715 | D:8      | Found a staircase to the Lair.
 10171 | D:9      | Found a shattered altar of Ashenzari.
 10175 | D:9      | Reached skill level 5 in Shields
 10306 | D:9      | Acquired Kikubaaqudgha's third power
 10324 | D:9      | Gained mutation: You can breathe flames. [mutagenic meat]
 10325 | D:9      | Gained mutation: You are frail (-10% HP). [mutagenic meat]
 10326 | D:9      | Gained mutation: Scrolls take you a little longer to read. [mutagenic meat]
 10327 | D:9      | Gained mutation: You have a somewhat thin skeletal structure (Dex +2, Stealth). [mutagenic meat]
 10328 | D:9      | Gained mutation: Your system is resistant to poisons. [mutagenic meat]
 10577 | D:9      | Found Naegap's Antique Weapon Shoppe.
 11152 | D:8      | HP: 3/81 [electric eel/bolt of electricity (9)]
 11153 | D:8      | HP: 1/81 [electric eel/bolt of electricity (2)]
 11176 | D:8      | Killed from afar by an electric eel

Action                   |  1- 3 |  4- 6 |  7- 9 | 10-12 || total
-------------------------+-------+-------+-------+-------++-------
Melee: Unarmed           |     5 |       |       |       ||     5
       Dagger            |    36 |   131 |   272 |       ||   439
       Mace              |       |       |   143 |       ||   143
       War axe           |       |       |   104 |   139 ||   243
       Whip              |       |       |    56 |       ||    56
 Cast: Pain              |    43 |    71 |    60 |    20 ||   194
       Animate Skeleton  |     8 |     8 |    17 |     4 ||    37
       Vampiric Draining |     6 |    52 |    90 |    42 ||   190
       Animate Dead      |       |       |    12 |     4 ||    16
       Control Undead    |       |       |     2 |       ||     2
       Corpse Rot        |       |       |     1 |       ||     1
       Dispel Undead     |       |       |       |    10 ||    10
Invok: Receive Corpses   |       |       |     1 |       ||     1
 Abil: Device Recharging |       |       |     1 |       ||     1
Evoke: Wand              |     2 |     1 |     2 |     3 ||     8
  Use: Scroll            |       |       |    10 |     1 ||    11
 Stab: Distracted        |     1 |       |     1 |     1 ||     3
       Sleeping          |       |     4 |     1 |     2 ||     7
  Eat: Chunk             |     2 |    13 |    13 |    11 ||    39
       Pizza             |       |     2 |       |       ||     2
       Beef jerky        |       |       |     2 |       ||     2
       Bread ration      |       |       |     1 |       ||     1
       Meat ration       |       |       |     1 |     2 ||     3
